 Dungeon Crawl Stone Soup version 0.20-a0-939-g04f5055 (webtiles) character file.

2065 4thArraOfDagon the Carver (level 9, -2/74 HPs)
             Began as a Deep Dwarf Fighter on Mar 30, 2017.
             Was a Follower of Wu Jian.
             Slain by a swamp drake (7 damage)
             ... on level 9 of the Dungeon.
             The game lasted 00:10:19 (1407 turns).

4thArraOfDagon the Carver (Deep Dwarf Fighter)      Turns: 1407, Time: 00:10:20

Health: -2/74      AC: 13    Str: 22    XL:     9   Next: 5%
Magic:  8/8        EV:  4    Int: 10    God:    Wu Jian [*.....]
Gold:   57         SH:  9    Dex: 12    Spells: 8/8 levels left

rFire    . . .     SeeInvis .   a - +1 long sword
rCold    . . .     Gourm    .   c - +0 shield
rNeg     + . .     Faith    .   d - +0 plate armour
rPois    .         Spirit   .   (no helmet)
rElec    .         Reflect  .   (no cloak)
rCorr    .         Harm     .   (no gloves)
MR       +....                  (no boots)
Stlth    ..........             (no amulet)
Regen    0.0/turn               g - ring of positive energy
MPRegen  0.2/turn               (no ring)

@: non-regenerating
A: damage resistance, heal wounds, claws 1, talons 1, blink, sense surroundings
2, no regeneration
a: Heal Wounds, Blink, Renounce Religion


You were on level 9 of the Dungeon.
You worshipped Wu Jian.
Wu Jian was aware of your devotion.
You were not hungry.

You visited 2 branches of the dungeon, and saw 11 of its levels.

You collected 135 gold pieces.
You spent 78 gold pieces at shops.

Inventory:

Hand Weapons
 a - a +1 long sword (weapon)
Armour
 b - a +0 scale mail
 c - a +0 shield (worn)
 d - a +0 plate armour (worn)
Jewellery
 g - a ring of positive energy (left claw)
Wands
 l - a wand of lightning (1/15)
 m - a wand of random effects (24/48)
 r - a wand of digging (5/24)
Scrolls
 e - a scroll of magic mapping
 h - 2 scrolls of immolation
 j - 3 scrolls of remove curse
 n - 2 scrolls of teleportation
Comestibles
 f - 5 bread rations
 i - 3 fruits
 k - 4 chunks of flesh
 o - 2 meat rations


   Skills:
 - Level 2.6 Fighting
 * Level 9.4 Long Blades
 + Level 7.5 Armour
 - Level 3.2 Shields
 + Level 5.5 Evocations


You had 8 spell levels left.
You didn't know any spells.

Dungeon Overview and Level Annotations

Branches:
Dungeon (10/15)            Temple (1/1) D:6            Lair (0/6) D:9
    Orc: D:9-12

Altars:
Cheibriados
Hepliaklqana
Kikubaaqudgha
Ru
Uskayaw
Wu Jian
Yredelemnul

Shops:
D:6 =   D:7 ?(


Innate Abilities, Weirdness & Mutations

You are resistant to damage.
You can heal yourself by infusing magical energy.
You passively map the area around you.
You do not regenerate.
You have sharp fingernails.
You have sharp toenails.
You can translocate small distances at will.


Message History

You slash the swamp drake! Your kick misses the swamp drake.
The swamp drake is heavily wounded.
You are engulfed in noxious fumes.
You choke on the stench!
You are confused.
The swamp drake bites you.
* * * LOW HITPOINT WARNING * * *
You miss the swamp drake. Your kick misses the swamp drake.
The swamp drake is heavily wounded.
You are engulfed in noxious fumes.
You feel less confused. You block the swamp drake's attack.
You closely miss the swamp drake. Your kick misses the swamp drake.
The swamp drake is heavily wounded.
The swamp drake bites you!
* * * LOW HITPOINT WARNING * * *
Your shield and plate armour prevent you from hitting the swamp drake.
You claw the swamp drake, but do no damage.
The swamp drake is heavily wounded.
The swamp drake bites you!
You die...

############ * *###
* # > * ### , *. ,
#.#### ,, * ..
#####...#### * * *
#... .....###...###
########..t..
.###..#####..####
#............ , ##
####
##....###........#
##...@k....###.#..#
#.######### # ###
** * * * , ≈ , , *
* * ≈ ≈ ≈ ≈ , * ≈ ≈
≈ , * * ≈≈ ≈≈ ≈


You could see a swamp drake.

Vanquished Creatures
  A hippogriff (D:7)
  3 wyverns (D:9)
  A sky beast (D:9)
  A black bear (D:9)
  An orc warrior (D:6)
  A phantom (D:9)
  2 crocodiles (D:9)
  3 bullfrogs
  3 scorpions
  A water moccasin skeleton (D:6)
  4 killer bees (D:7)
  2 howler monkeys (D:7)
  A crimson imp (D:6)
  2 hounds (D:6)
  An orc priest (D:7)
  2 orc wizards
  2 iguanas
  A worker ant (D:9)
  A hound zombie (D:8)
  2 gnolls
  A shadow imp (D:8)
  10 orcs
  3 bats
  A goblin (D:1)
  4 quokkas
  A ball python (D:1)
  A frilled lizard (D:2)
  A rat (D:1)
57 creatures vanquished.

Notes
Turn   | Place    | Note
-------+----------+-------------------------------------------
     0 | D:1      | 4thArraOfDagon the Deep Dwarf Fighter began the quest for the Orb.
     0 | D:1      | Reached XP level 1. HP: 20/20 MP: 1/1
    84 | D:3      | Noticed an ice beast
   197 | D:4      | Noticed an orc priest
   198 | D:4      | Noticed an orc wizard
   201 | D:4      | Noticed a worker ant
   206 | D:3      | Reached XP level 2. HP: 6/27 MP: 2/2
   232 | D:5      | Entered Level 5 of the Dungeon
   233 | D:5      | Noticed a crimson imp
   250 | D:5      | HP: 1/27 [hound (2)]
   267 | D:6      | Reached skill level 3 in Long Blades
   267 | D:6      | Reached XP level 3. HP: 13/33 MP: 3/3
   288 | D:6      | Noticed an ogre
   298 | D:6      | Noticed a scorpion
   308 | D:7      | Noticed a scorpion
   312 | D:7      | Noticed a bullfrog
   335 | D:6      | Killed a bullfrog
   335 | D:6      | Reached skill level 4 in Long Blades
   335 | D:6      | Reached XP level 4. HP: 23/40 MP: 4/4
   365 | D:6      | Found Ceinwes's Jewellery Shoppe.
   402 | D:6      | HP: 2/40 [iguana (1)]
   405 | D:6      | Reached XP level 5. HP: 18/46 MP: 5/5
   415 | D:6      | Noticed an orc warrior
   425 | D:6      | Reached skill level 5 in Long Blades
   437 | D:6      | Killed an orc warrior
   437 | D:6      | Reached XP level 6. HP: 41/55 MP: 5/5
   474 | D:6      | Found a staircase to the Ecumenical Temple.
   481 | Temple   | Entered the Ecumenical Temple
   498 | Temple   | Became a worshipper of the Wu Jian Council
   597 | D:6      | Found an ancient bone altar of Kikubaaqudgha.
   612 | D:6      | Reached skill level 5 in Armour
   628 | D:6      | Reached skill level 6 in Long Blades
   726 | D:7      | Gained mutation: You have sharp fingernails. [potion of mutation]
   726 | D:7      | Gained mutation: You can translocate small distances at will. [potion of mutation]
   726 | D:7      | Gained mutation: You have sharp toenails. [potion of mutation]
   763 | D:7      | Reached XP level 7. HP: 22/61 MP: 6/6
   788 | D:7      | Reached skill level 1 in Evocations
   835 | D:7      | Found Witeego's Weapon Shoppe.
   846 | D:7      | Reached skill level 7 in Long Blades
   854 | D:7      | Noticed a hippogriff
   892 | D:7      | Killed a hippogriff
   909 | D:7      | Reached XP level 8. HP: 20/68 MP: 6/6
   968 | D:7      | Found Lauvayx's Magic Scroll Emporium.
   980 | D:7      | Bought a scroll of magic mapping for 42 gold pieces
   980 | D:7      | Bought a scroll of teleportation for 36 gold pieces
  1043 | D:8      | Reached skill level 8 in Long Blades
  1086 | D:10     | Entered Level 10 of the Dungeon
  1111 | D:10     | Reached * piety under Wu Jian
  1310 | D:9      | HP: 2/68 [wyvern (13)]
  1325 | D:9      | Reached skill level 9 in Long Blades
  1325 | D:9      | Reached skill level 5 in Evocations
  1347 | D:9      | Gained mutation: You passively map the area around you. [Deep Dwarf growth]
  1347 | D:9      | Reached XP level 9. HP: 23/74 MP: 6/8
  1407 | D:9      | Slain by a swamp drake

Vault maps used:
D:1:      lemuel_arrival_muddy, wad_floor_pattern_untrapped
D:4:      serial_shops, shop, kennysheep_mini, grunt_decor_cap,
          due_unseen_surprise, uniq_robin
D:5:      serial_shops, shop, first_bread
D:6:      temple_statues, basic_altar, serial_shops, shop, nrook_mini_backslash
D:7:      serial_shops, shop, kennysheep_mini_moat, grunt_livestock,
          eino_tiny_chamber, roderic_bali_sauvastika
D:8:      serial_shops, shop_fountains, nicolae_shop_overgrown_old_shop,
          nicolae_dithmenos_shadow_blocks
D:9:      lemuel_crystal_altar, erik_lair_dragon, feat_on_display
D:10:     orc_0_dummy
Temple:   regret_index_temple_sigil_plot

Skill      XL: |  1  2  3  4  5  6  7  8 |
---------------+-------------------------+-----
Long Blades    | 3 4 5 6 7 9 |  9.4
Armour         | 4 5 6 7 |  7.5
Evocations     | 3 5 |  5.5
Fighting       | |  2.6
Shields        | |  3.2

Action                   |  1- 3 |  4- 6 |  7- 9 || total
-------------------------+-------+-------+-------++-------
Melee: Long sword        |    54 |   114 |   253 ||   421
       Kick              |       |     5 |    67 ||    72
 Abil: Heal Wounds       |     3 |     6 |    11 ||    20
Evoke: Wand              |       |       |    10 ||    10
  Use: Scroll            |     2 |     2 |     2 ||     6
       Potion            |       |     4 |     1 ||     5
  Eat: Chunk             |       |       |     2 ||     2
       Fruit             |       |       |     1 ||     1
Armor: Scale mail        |    77 |    27 |       ||   104
       Plate armour      |       |    50 |   226 ||   276
Dodge: Dodged            |    36 |    42 |    51 ||   129
Block: Shield            |    58 |    85 |   144 ||   287
       Rpst.: Long sword |     9 |    12 |    13 ||    34
